Workbook

Sheet Asset Worksheet
A1: Just Divvy Asset & Debt Worksheet
A2: Enter both names, list each asset and debt with its estimated value, then choose who it goes to.
A3: For a split, enter Spouse 1's percentage (blank = 50%). When you're done, click Print summary for a one-page version to print.
A5: Spouse 1 name | B5: Spouse 1 | D5: Print summary → | E5: =A45 | J5: =B5
A6: Spouse 2 name | B6: Spouse 2 | E6: =B45 | J6: =B6
J7: Split
A8: Item | B8: Estimated value | C8: Goes to | D8: =B5&" % (splits)" | E8: =B5 | F8: =B6 | G8: Notes
A10: Assets | E10: Grey cells calculate automatically
A11: Primary residence | E11: =IF(OR(B11="",C11=""),"",IF(C11=$B$5,B11,IF(C11=$B$6,0,IF(C11="Split",B11*IF(D11="",0.5,D11),"")))) | F11: =IF(E11="","",B11-E11) | K11: =IF(B11="","",COUNT(B$11:B11))
A12: Other real estate | E12: =IF(OR(B12="",C12=""),"",IF(C12=$B$5,B12,IF(C12=$B$6,0,IF(C12="Split",B12*IF(D12="",0.5,D12),"")))) | F12: =IF(E12="","",B12-E12) | K12: =IF(B12="","",COUNT(B$11:B12))
A13: Checking account | E13: =IF(OR(B13="",C13=""),"",IF(C13=$B$5,B13,IF(C13=$B$6,0,IF(C13="Split",B13*IF(D13="",0.5,D13),"")))) | F13: =IF(E13="","",B13-E13) | K13: =IF(B13="","",COUNT(B$11:B13))
A14: Savings account | E14: =IF(OR(B14="",C14=""),"",IF(C14=$B$5,B14,IF(C14=$B$6,0,IF(C14="Split",B14*IF(D14="",0.5,D14),"")))) | F14: =IF(E14="","",B14-E14) | K14: =IF(B14="","",COUNT(B$11:B14))
A15: Investment / brokerage account | E15: =IF(OR(B15="",C15=""),"",IF(C15=$B$5,B15,IF(C15=$B$6,0,IF(C15="Split",B15*IF(D15="",0.5,D15),"")))) | F15: =IF(E15="","",B15-E15) | K15: =IF(B15="","",COUNT(B$11:B15))
A16: Retirement account: 401(k) / 403(b) | E16: =IF(OR(B16="",C16=""),"",IF(C16=$B$5,B16,IF(C16=$B$6,0,IF(C16="Split",B16*IF(D16="",0.5,D16),"")))) | F16: =IF(E16="","",B16-E16) | K16: =IF(B16="","",COUNT(B$11:B16))
A17: Retirement account: IRA | E17: =IF(OR(B17="",C17=""),"",IF(C17=$B$5,B17,IF(C17=$B$6,0,IF(C17="Split",B17*IF(D17="",0.5,D17),"")))) | F17: =IF(E17="","",B17-E17) | K17: =IF(B17="","",COUNT(B$11:B17))
A18: Pension | E18: =IF(OR(B18="",C18=""),"",IF(C18=$B$5,B18,IF(C18=$B$6,0,IF(C18="Split",B18*IF(D18="",0.5,D18),"")))) | F18: =IF(E18="","",B18-E18) | K18: =IF(B18="","",COUNT(B$11:B18))
A19: Vehicle 1 | E19: =IF(OR(B19="",C19=""),"",IF(C19=$B$5,B19,IF(C19=$B$6,0,IF(C19="Split",B19*IF(D19="",0.5,D19),"")))) | F19: =IF(E19="","",B19-E19) | K19: =IF(B19="","",COUNT(B$11:B19))
A20: Vehicle 2 | E20: =IF(OR(B20="",C20=""),"",IF(C20=$B$5,B20,IF(C20=$B$6,0,IF(C20="Split",B20*IF(D20="",0.5,D20),"")))) | F20: =IF(E20="","",B20-E20) | K20: =IF(B20="","",COUNT(B$11:B20))
A21: Household furniture & contents | E21: =IF(OR(B21="",C21=""),"",IF(C21=$B$5,B21,IF(C21=$B$6,0,IF(C21="Split",B21*IF(D21="",0.5,D21),"")))) | F21: =IF(E21="","",B21-E21) | K21: =IF(B21="","",COUNT(B$11:B21))
A22: Jewelry, art & collectibles | E22: =IF(OR(B22="",C22=""),"",IF(C22=$B$5,B22,IF(C22=$B$6,0,IF(C22="Split",B22*IF(D22="",0.5,D22),"")))) | F22: =IF(E22="","",B22-E22) | K22: =IF(B22="","",COUNT(B$11:B22))
... A24: Life insurance cash value | E24: =IF(OR(B24="",C24=""),"",IF(C24=$B$5,B24,IF(C24=$B$6,0,IF(C24="Split",B24*IF(D24="",0.5,D24),"")))) | F24: =IF(E24="","",B24-E24) | K24: =IF(B24="","",COUNT(B$11:B24))
E25: =IF(OR(B25="",C25=""),"",IF(C25=$B$5,B25,IF(C25=$B$6,0,IF(C25="Split",B25*IF(D25="",0.5,D25),"")))) | F25: =IF(E25="","",B25-E25) | K25: =IF(B25="","",COUNT(B$11:B25))
A26: Total assets | B26: =SUM(B11:B25) | E26: =SUM(E11:E25) | F26: =SUM(F11:F25)
A28: Debts
A29: Mortgage | E29: =IF(OR(B29="",C29=""),"",IF(C29=$B$5,B29,IF(C29=$B$6,0,IF(C29="Split",B29*IF(D29="",0.5,D29),"")))) | F29: =IF(E29="","",B29-E29) | K29: =IF(B29="","",COUNT(B$29:B29))
A30: Home equity line | E30: =IF(OR(B30="",C30=""),"",IF(C30=$B$5,B30,IF(C30=$B$6,0,IF(C30="Split",B30*IF(D30="",0.5,D30),"")))) | F30: =IF(E30="","",B30-E30) | K30: =IF(B30="","",COUNT(B$29:B30))
A31: Auto loan | E31: =IF(OR(B31="",C31=""),"",IF(C31=$B$5,B31,IF(C31=$B$6,0,IF(C31="Split",B31*IF(D31="",0.5,D31),"")))) | F31: =IF(E31="","",B31-E31) | K31: =IF(B31="","",COUNT(B$29:B31))
A32: Credit card | E32: =IF(OR(B32="",C32=""),"",IF(C32=$B$5,B32,IF(C32=$B$6,0,IF(C32="Split",B32*IF(D32="",0.5,D32),"")))) | F32: =IF(E32="","",B32-E32) | K32: =IF(B32="","",COUNT(B$29:B32))
A33: Student loan | E33: =IF(OR(B33="",C33=""),"",IF(C33=$B$5,B33,IF(C33=$B$6,0,IF(C33="Split",B33*IF(D33="",0.5,D33),"")))) | F33: =IF(E33="","",B33-E33) | K33: =IF(B33="","",COUNT(B$29:B33))
A34: Personal loan | E34: =IF(OR(B34="",C34=""),"",IF(C34=$B$5,B34,IF(C34=$B$6,0,IF(C34="Split",B34*IF(D34="",0.5,D34),"")))) | F34: =IF(E34="","",B34-E34) | K34: =IF(B34="","",COUNT(B$29:B34))
A35: Taxes owed | E35: =IF(OR(B35="",C35=""),"",IF(C35=$B$5,B35,IF(C35=$B$6,0,IF(C35="Split",B35*IF(D35="",0.5,D35),"")))) | F35: =IF(E35="","",B35-E35) | K35: =IF(B35="","",COUNT(B$29:B35))
E36: =IF(OR(B36="",C36=""),"",IF(C36=$B$5,B36,IF(C36=$B$6,0,IF(C36="Split",B36*IF(D36="",0.5,D36),"")))) | F36: =IF(E36="","",B36-E36) | K36: =IF(B36="","",COUNT(B$29:B36))
E37: =IF(OR(B37="",C37=""),"",IF(C37=$B$5,B37,IF(C37=$B$6,0,IF(C37="Split",B37*IF(D37="",0.5,D37),"")))) | F37: =IF(E37="","",B37-E37) | K37: =IF(B37="","",COUNT(B$29:B37))
A38: Total debts | B38: =SUM(B29:B37) | E38: =SUM(E29:E37) | F38: =SUM(F29:F37)
A40: Equalization
A41: Net each spouse receives (assets − debts) | E41: =E26-E38 | F41: =F26-F38
A42: Combined net estate | B42: =B26-B38
A43: Equal share for each spouse | B43: =B42/2
A45: =IF(COUNT(B11:B25,B29:B37)=0,"Add items to see the equalization payment",IF(ABS(E41-F41)<1,"No equalization payment needed",IF(E41>F41,B5&" pays "&B6,B6&" pays "&B5))) | B45: =ABS(E41-F41)/2
A46: Items with a value but no “Goes to” yet | B46: =SUMPRODUCT((B11:B25<>"")*(E11:E25=""))+SUMPRODUCT((B29:B37<>"")*(E29:E37=""))
A48: Values are estimates. Retirement accounts and property may carry tax consequences that affect their real value. Just Divvy provides general information for educational purposes only. It is not legal, tax or financial advice, and using it does not create an attorney-client relationship. Divorce and property laws vary by state. Check your state's laws and talk to a licensed attorney in your state before making decisions.

Sheet Print
A1: Just Divvy | G1: Asset & debt summary | H1: =COUNT('Asset Worksheet'!B11:B25)
H2: =COUNT('Asset Worksheet'!B29:B37)
A3: ='Asset Worksheet'!B5&" and "&'Asset Worksheet'!B6
A4: Grey columns are calculated. Not legal, tax or financial advice. Laws vary by state: check your state's laws and talk to a licensed attorney.
A6: ='Asset Worksheet'!B5&"'s net" | B6: ='Asset Worksheet'!B6&"'s net" | D6: ="Equal share each" | F6: ='Asset Worksheet'!A45
A7: ='Asset Worksheet'!E41 | B7: ='Asset Worksheet'!F41 | D7: ='Asset Worksheet'!B43 | F7: ='Asset Worksheet'!B45
A9: Item | B9: Est. value | C9: Goes to | D9: ='Asset Worksheet'!B5&" %" | E9: ='Asset Worksheet'!B5&" gets" | F9: ='Asset Worksheet'!B6&" gets" | G9: Notes
A10: =IF($J10<>"",IF(INDEX('Asset Worksheet'!A:A,$J10)="","",INDEX('Asset Worksheet'!A:A,$J10)),IF($I10="H",IF(1=1,"Assets","Debts"),IF($I10="T","Total assets",IF($I10="U","Total debts","")))) | B10: =IF($J10<>"",IF(INDEX('Asset Worksheet'!B:B,$J10)="","",INDEX('Asset Worksheet'!B:B,$J10)),IF($I10="T",'Asset Worksheet'!B26,IF($I10="U",'Asset Worksheet'!B38,""))) | C10: =IF($J10<>"",IF(INDEX('Asset Worksheet'!C:C,$J10)="","",INDEX('Asset Worksheet'!C:C,$J10)),"") | D10: =IF($J10="","",IF(INDEX('Asset Worksheet'!C:C,$J10)<>"Split","",IF(INDEX('Asset Worksheet'!D:D,$J10)="",0.5,INDEX('Asset Worksheet'!D:D,$J10)))) | E10: =IF($J10<>"",IF(INDEX('Asset Worksheet'!E:E,$J10)="","",INDEX('Asset Worksheet'!E:E,$J10)),IF($I10="T",'Asset Worksheet'!E26,IF($I10="U",'Asset Worksheet'!E38,""))) | F10: =IF($J10<>"",IF(INDEX('Asset Worksheet'!F:F,$J10)="","",INDEX('Asset Worksheet'!F:F,$J10)),IF($I10="T",'Asset Worksheet'!F26,IF($I10="U",'Asset Worksheet'!F38,""))) | G10: =IF($J10<>"",IF(INDEX('Asset Worksheet'!G:G,$J10)="","",INDEX('Asset Worksheet'!G:G,$J10)),"") | I10: =IF(1=1,"H",IF(1<=$H$1+1,"A",IF(1=$H$1+2,"T",IF(1=$H$1+3,"",IF(1=$H$1+4,"H",IF(1<=$H$1+$H$2+4,"D",IF(1=$H$1+$H$2+5,"U",""))))))) | J10: =IF($I10="A",MATCH(1-1,'Asset Worksheet'!$K$11:$K$25,0)+10,IF($I10="D",MATCH(1-$H$1-4,'Asset Worksheet'!$K$29:$K$37,0)+28,""))
A11: =IF($J11<>"",IF(INDEX('Asset Worksheet'!A:A,$J11)="","",INDEX('Asset Worksheet'!A:A,$J11)),IF($I11="H",IF(2=1,"Assets","Debts"),IF($I11="T","Total assets",IF($I11="U","Total debts","")))) | B11: =IF($J11<>"",IF(INDEX('Asset Worksheet'!B:B,$J11)="","",INDEX('Asset Worksheet'!B:B,$J11)),IF($I11="T",'Asset Worksheet'!B26,IF($I11="U",'Asset Worksheet'!B38,""))) | C11: =IF($J11<>"",IF(INDEX('Asset Worksheet'!C:C,$J11)="","",INDEX('Asset Worksheet'!C:C,$J11)),"") | D11: =IF($J11="","",IF(INDEX('Asset Worksheet'!C:C,$J11)<>"Split","",IF(INDEX('Asset Worksheet'!D:D,$J11)="",0.5,INDEX('Asset Worksheet'!D:D,$J11)))) | E11: =IF($J11<>"",IF(INDEX('Asset Worksheet'!E:E,$J11)="","",INDEX('Asset Worksheet'!E:E,$J11)),IF($I11="T",'Asset Worksheet'!E26,IF($I11="U",'Asset Worksheet'!E38,""))) | F11: =IF($J11<>"",IF(INDEX('Asset Worksheet'!F:F,$J11)="","",INDEX('Asset Worksheet'!F:F,$J11)),IF($I11="T",'Asset Worksheet'!F26,IF($I11="U",'Asset Worksheet'!F38,""))) | G11: =IF($J11<>"",IF(INDEX('Asset Worksheet'!G:G,$J11)="","",INDEX('Asset Worksheet'!G:G,$J11)),"") | I11: =IF(2=1,"H",IF(2<=$H$1+1,"A",IF(2=$H$1+2,"T",IF(2=$H$1+3,"",IF(2=$H$1+4,"H",IF(2<=$H$1+$H$2+4,"D",IF(2=$H$1+$H$2+5,"U",""))))))) | J11: =IF($I11="A",MATCH(2-1,'Asset Worksheet'!$K$11:$K$25,0)+10,IF($I11="D",MATCH(2-$H$1-4,'Asset Worksheet'!$K$29:$K$37,0)+28,""))
A12: =IF($J12<>"",IF(INDEX('Asset Worksheet'!A:A,$J12)="","",INDEX('Asset Worksheet'!A:A,$J12)),IF($I12="H",IF(3=1,"Assets","Debts"),IF($I12="T","Total assets",IF($I12="U","Total debts","")))) | B12: =IF($J12<>"",IF(INDEX('Asset Worksheet'!B:B,$J12)="","",INDEX('Asset Worksheet'!B:B,$J12)),IF($I12="T",'Asset Worksheet'!B26,IF($I12="U",'Asset Worksheet'!B38,""))) | C12: =IF($J12<>"",IF(INDEX('Asset Worksheet'!C:C,$J12)="","",INDEX('Asset Worksheet'!C:C,$J12)),"") | D12: =IF($J12="","",IF(INDEX('Asset Worksheet'!C:C,$J12)<>"Split","",IF(INDEX('Asset Worksheet'!D:D,$J12)="",0.5,INDEX('Asset Worksheet'!D:D,$J12)))) | E12: =IF($J12<>"",IF(INDEX('Asset Worksheet'!E:E,$J12)="","",INDEX('Asset Worksheet'!E:E,$J12)),IF($I12="T",'Asset Worksheet'!E26,IF($I12="U",'Asset Worksheet'!E38,""))) | F12: =IF($J12<>"",IF(INDEX('Asset Worksheet'!F:F,$J12)="","",INDEX('Asset Worksheet'!F:F,$J12)),IF($I12="T",'Asset Worksheet'!F26,IF($I12="U",'Asset Worksheet'!F38,""))) | G12: =IF($J12<>"",IF(INDEX('Asset Worksheet'!G:G,$J12)="","",INDEX('Asset Worksheet'!G:G,$J12)),"") | I12: =IF(3=1,"H",IF(3<=$H$1+1,"A",IF(3=$H$1+2,"T",IF(3=$H$1+3,"",IF(3=$H$1+4,"H",IF(3<=$H$1+$H$2+4,"D",IF(3=$H$1+$H$2+5,"U",""))))))) | J12: =IF($I12="A",MATCH(3-1,'Asset Worksheet'!$K$11:$K$25,0)+10,IF($I12="D",MATCH(3-$H$1-4,'Asset Worksheet'!$K$29:$K$37,0)+28,""))
A13: =IF($J13<>"",IF(INDEX('Asset Worksheet'!A:A,$J13)="","",INDEX('Asset Worksheet'!A:A,$J13)),IF($I13="H",IF(4=1,"Assets","Debts"),IF($I13="T","Total assets",IF($I13="U","Total debts","")))) | B13: =IF($J13<>"",IF(INDEX('Asset Worksheet'!B:B,$J13)="","",INDEX('Asset Worksheet'!B:B,$J13)),IF($I13="T",'Asset Worksheet'!B26,IF($I13="U",'Asset Worksheet'!B38,""))) | C13: =IF($J13<>"",IF(INDEX('Asset Worksheet'!C:C,$J13)="","",INDEX('Asset Worksheet'!C:C,$J13)),"") | D13: =IF($J13="","",IF(INDEX('Asset Worksheet'!C:C,$J13)<>"Split","",IF(INDEX('Asset Worksheet'!D:D,$J13)="",0.5,INDEX('Asset Worksheet'!D:D,$J13)))) | E13: =IF($J13<>"",IF(INDEX('Asset Worksheet'!E:E,$J13)="","",INDEX('Asset Worksheet'!E:E,$J13)),IF($I13="T",'Asset Worksheet'!E26,IF($I13="U",'Asset Worksheet'!E38,""))) | F13: =IF($J13<>"",IF(INDEX('Asset Worksheet'!F:F,$J13)="","",INDEX('Asset Worksheet'!F:F,$J13)),IF($I13="T",'Asset Worksheet'!F26,IF($I13="U",'Asset Worksheet'!F38,""))) | G13: =IF($J13<>"",IF(INDEX('Asset Worksheet'!G:G,$J13)="","",INDEX('Asset Worksheet'!G:G,$J13)),"") | I13: =IF(4=1,"H",IF(4<=$H$1+1,"A",IF(4=$H$1+2,"T",IF(4=$H$1+3,"",IF(4=$H$1+4,"H",IF(4<=$H$1+$H$2+4,"D",IF(4=$H$1+$H$2+5,"U",""))))))) | J13: =IF($I13="A",MATCH(4-1,'Asset Worksheet'!$K$11:$K$25,0)+10,IF($I13="D",MATCH(4-$H$1-4,'Asset Worksheet'!$K$29:$K$37,0)+28,""))
A14: =IF($J14<>"",IF(INDEX('Asset Worksheet'!A:A,$J14)="","",INDEX('Asset Worksheet'!A:A,$J14)),IF($I14="H",IF(5=1,"Assets","Debts"),IF($I14="T","Total assets",IF($I14="U","Total debts","")))) | B14: =IF($J14<>"",IF(INDEX('Asset Worksheet'!B:B,$J14)="","",INDEX('Asset Worksheet'!B:B,$J14)),IF($I14="T",'Asset Worksheet'!B26,IF($I14="U",'Asset Worksheet'!B38,""))) | C14: =IF($J14<>"",IF(INDEX('Asset Worksheet'!C:C,$J14)="","",INDEX('Asset Worksheet'!C:C,$J14)),"") | D14: =IF($J14="","",IF(INDEX('Asset Worksheet'!C:C,$J14)<>"Split","",IF(INDEX('Asset Worksheet'!D:D,$J14)="",0.5,INDEX('Asset Worksheet'!D:D,$J14)))) | E14: =IF($J14<>"",IF(INDEX('Asset Worksheet'!E:E,$J14)="","",INDEX('Asset Worksheet'!E:E,$J14)),IF($I14="T",'Asset Worksheet'!E26,IF($I14="U",'Asset Worksheet'!E38,""))) | F14: =IF($J14<>"",IF(INDEX('Asset Worksheet'!F:F,$J14)="","",INDEX('Asset Worksheet'!F:F,$J14)),IF($I14="T",'Asset Worksheet'!F26,IF($I14="U",'Asset Worksheet'!F38,""))) | G14: =IF($J14<>"",IF(INDEX('Asset Worksheet'!G:G,$J14)="","",INDEX('Asset Worksheet'!G:G,$J14)),"") | I14: =IF(5=1,"H",IF(5<=$H$1+1,"A",IF(5=$H$1+2,"T",IF(5=$H$1+3,"",IF(5=$H$1+4,"H",IF(5<=$H$1+$H$2+4,"D",IF(5=$H$1+$H$2+5,"U",""))))))) | J14: =IF($I14="A",MATCH(5-1,'Asset Worksheet'!$K$11:$K$25,0)+10,IF($I14="D",MATCH(5-$H$1-4,'Asset Worksheet'!$K$29:$K$37,0)+28,""))
A15: =IF($J15<>"",IF(INDEX('Asset Worksheet'!A:A,$J15)="","",INDEX('Asset Worksheet'!A:A,$J15)),IF($I15="H",IF(6=1,"Assets","Debts"),IF($I15="T","Total assets",IF($I15="U","Total debts","")))) | B15: =IF($J15<>"",IF(INDEX('Asset Worksheet'!B:B,$J15)="","",INDEX('Asset Worksheet'!B:B,$J15)),IF($I15="T",'Asset Worksheet'!B26,IF($I15="U",'Asset Worksheet'!B38,""))) | C15: =IF($J15<>"",IF(INDEX('Asset Worksheet'!C:C,$J15)="","",INDEX('Asset Worksheet'!C:C,$J15)),"") | D15: =IF($J15="","",IF(INDEX('Asset Worksheet'!C:C,$J15)<>"Split","",IF(INDEX('Asset Worksheet'!D:D,$J15)="",0.5,INDEX('Asset Worksheet'!D:D,$J15)))) | E15: =IF($J15<>"",IF(INDEX('Asset Worksheet'!E:E,$J15)="","",INDEX('Asset Worksheet'!E:E,$J15)),IF($I15="T",'Asset Worksheet'!E26,IF($I15="U",'Asset Worksheet'!E38,""))) | F15: =IF($J15<>"",IF(INDEX('Asset Worksheet'!F:F,$J15)="","",INDEX('Asset Worksheet'!F:F,$J15)),IF($I15="T",'Asset Worksheet'!F26,IF($I15="U",'Asset Worksheet'!F38,""))) | G15: =IF($J15<>"",IF(INDEX('Asset Worksheet'!G:G,$J15)="","",INDEX('Asset Worksheet'!G:G,$J15)),"") | I15: =IF(6=1,"H",IF(6<=$H$1+1,"A",IF(6=$H$1+2,"T",IF(6=$H$1+3,"",IF(6=$H$1+4,"H",IF(6<=$H$1+$H$2+4,"D",IF(6=$H$1+$H$2+5,"U",""))))))) | J15: =IF($I15="A",MATCH(6-1,'Asset Worksheet'!$K$11:$K$25,0)+10,IF($I15="D",MATCH(6-$H$1-4,'Asset Worksheet'!$K$29:$K$37,0)+28,""))
A16: =IF($J16<>"",IF(INDEX('Asset Worksheet'!A:A,$J16)="","",INDEX('Asset Worksheet'!A:A,$J16)),IF($I16="H",IF(7=1,"Assets","Debts"),IF($I16="T","Total assets",IF($I16="U","Total debts","")))) | B16: =IF($J16<>"",IF(INDEX('Asset Worksheet'!B:B,$J16)="","",INDEX('Asset Worksheet'!B:B,$J16)),IF($I16="T",'Asset Worksheet'!B26,IF($I16="U",'Asset Worksheet'!B38,""))) | C16: =IF($J16<>"",IF(INDEX('Asset Worksheet'!C:C,$J16)="","",INDEX('Asset Worksheet'!C:C,$J16)),"") | D16: =IF($J16="","",IF(INDEX('Asset Worksheet'!C:C,$J16)<>"Split","",IF(INDEX('Asset Worksheet'!D:D,$J16)="",0.5,INDEX('Asset Worksheet'!D:D,$J16)))) | E16: =IF($J16<>"",IF(INDEX('Asset Worksheet'!E:E,$J16)="","",INDEX('Asset Worksheet'!E:E,$J16)),IF($I16="T",'Asset Worksheet'!E26,IF($I16="U",'Asset Worksheet'!E38,""))) | F16: =IF($J16<>"",IF(INDEX('Asset Worksheet'!F:F,$J16)="","",INDEX('Asset Worksheet'!F:F,$J16)),IF($I16="T",'Asset Worksheet'!F26,IF($I16="U",'Asset Worksheet'!F38,""))) | G16: =IF($J16<>"",IF(INDEX('Asset Worksheet'!G:G,$J16)="","",INDEX('Asset Worksheet'!G:G,$J16)),"") | I16: =IF(7=1,"H",IF(7<=$H$1+1,"A",IF(7=$H$1+2,"T",IF(7=$H$1+3,"",IF(7=$H$1+4,"H",IF(7<=$H$1+$H$2+4,"D",IF(7=$H$1+$H$2+5,"U",""))))))) | J16: =IF($I16="A",MATCH(7-1,'Asset Worksheet'!$K$11:$K$25,0)+10,IF($I16="D",MATCH(7-$H$1-4,'Asset Worksheet'!$K$29:$K$37,0)+28,""))
A17: =IF($J17<>"",IF(INDEX('Asset Worksheet'!A:A,$J17)="","",INDEX('Asset Worksheet'!A:A,$J17)),IF($I17="H",IF(8=1,"Assets","Debts"),IF($I17="T","Total assets",IF($I17="U","Total debts","")))) | B17: =IF($J17<>"",IF(INDEX('Asset Worksheet'!B:B,$J17)="","",INDEX('Asset Worksheet'!B:B,$J17)),IF($I17="T",'Asset Worksheet'!B26,IF($I17="U",'Asset Worksheet'!B38,""))) | C17: =IF($J17<>"",IF(INDEX('Asset Worksheet'!C:C,$J17)="","",INDEX('Asset Worksheet'!C:C,$J17)),"") | D17: =IF($J17="","",IF(INDEX('Asset Worksheet'!C:C,$J17)<>"Split","",IF(INDEX('Asset Worksheet'!D:D,$J17)="",0.5,INDEX('Asset Worksheet'!D:D,$J17)))) | E17: =IF($J17<>"",IF(INDEX('Asset Worksheet'!E:E,$J17)="","",INDEX('Asset Worksheet'!E:E,$J17)),IF($I17="T",'Asset Worksheet'!E26,IF($I17="U",'Asset Worksheet'!E38,""))) | F17: =IF($J17<>"",IF(INDEX('Asset Worksheet'!F:F,$J17)="","",INDEX('Asset Worksheet'!F:F,$J17)),IF($I17="T",'Asset Worksheet'!F26,IF($I17="U",'Asset Worksheet'!F38,""))) | G17: =IF($J17<>"",IF(INDEX('Asset Worksheet'!G:G,$J17)="","",INDEX('Asset Worksheet'!G:G,$J17)),"") | I17: =IF(8=1,"H",IF(8<=$H$1+1,"A",IF(8=$H$1+2,"T",IF(8=$H$1+3,"",IF(8=$H$1+4,"H",IF(8<=$H$1+$H$2+4,"D",IF(8=$H$1+$H$2+5,"U",""))))))) | J17: =IF($I17="A",MATCH(8-1,'Asset Worksheet'!$K$11:$K$25,0)+10,IF($I17="D",MATCH(8-$H$1-4,'Asset Worksheet'!$K$29:$K$37,0)+28,""))
A18: =IF($J18<>"",IF(INDEX('Asset Worksheet'!A:A,$J18)="","",INDEX('Asset Worksheet'!A:A,$J18)),IF($I18="H",IF(9=1,"Assets","Debts"),IF($I18="T","Total assets",IF($I18="U","Total debts","")))) | B18: =IF($J18<>"",IF(INDEX('Asset Worksheet'!B:B,$J18)="","",INDEX('Asset Worksheet'!B:B,$J18)),IF($I18="T",'Asset Worksheet'!B26,IF($I18="U",'Asset Worksheet'!B38,""))) | C18: =IF($J18<>"",IF(INDEX('Asset Worksheet'!C:C,$J18)="","",INDEX('Asset Worksheet'!C:C,$J18)),"") | D18: =IF($J18="","",IF(INDEX('Asset Worksheet'!C:C,$J18)<>"Split","",IF(INDEX('Asset Worksheet'!D:D,$J18)="",0.5,INDEX('Asset Worksheet'!D:D,$J18)))) | E18: =IF($J18<>"",IF(INDEX('Asset Worksheet'!E:E,$J18)="","",INDEX('Asset Worksheet'!E:E,$J18)),IF($I18="T",'Asset Worksheet'!E26,IF($I18="U",'Asset Worksheet'!E38,""))) | F18: =IF($J18<>"",IF(INDEX('Asset Worksheet'!F:F,$J18)="","",INDEX('Asset Worksheet'!F:F,$J18)),IF($I18="T",'Asset Worksheet'!F26,IF($I18="U",'Asset Worksheet'!F38,""))) | G18: =IF($J18<>"",IF(INDEX('Asset Worksheet'!G:G,$J18)="","",INDEX('Asset Worksheet'!G:G,$J18)),"") | I18: =IF(9=1,"H",IF(9<=$H$1+1,"A",IF(9=$H$1+2,"T",IF(9=$H$1+3,"",IF(9=$H$1+4,"H",IF(9<=$H$1+$H$2+4,"D",IF(9=$H$1+$H$2+5,"U",""))))))) | J18: =IF($I18="A",MATCH(9-1,'Asset Worksheet'!$K$11:$K$25,0)+10,IF($I18="D",MATCH(9-$H$1-4,'Asset Worksheet'!$K$29:$K$37,0)+28,""))
A19: =IF($J19<>"",IF(INDEX('Asset Worksheet'!A:A,$J19)="","",INDEX('Asset Worksheet'!A:A,$J19)),IF($I19="H",IF(10=1,"Assets","Debts"),IF($I19="T","Total assets",IF($I19="U","Total debts","")))) | B19: =IF($J19<>"",IF(INDEX('Asset Worksheet'!B:B,$J19)="","",INDEX('Asset Worksheet'!B:B,$J19)),IF($I19="T",'Asset Worksheet'!B26,IF($I19="U",'Asset Worksheet'!B38,""))) | C19: =IF($J19<>"",IF(INDEX('Asset Worksheet'!C:C,$J19)="","",INDEX('Asset Worksheet'!C:C,$J19)),"") | D19: =IF($J19="","",IF(INDEX('Asset Worksheet'!C:C,$J19)<>"Split","",IF(INDEX('Asset Worksheet'!D:D,$J19)="",0.5,INDEX('Asset Worksheet'!D:D,$J19)))) | E19: =IF($J19<>"",IF(INDEX('Asset Worksheet'!E:E,$J19)="","",INDEX('Asset Worksheet'!E:E,$J19)),IF($I19="T",'Asset Worksheet'!E26,IF($I19="U",'Asset Worksheet'!E38,""))) | F19: =IF($J19<>"",IF(INDEX('Asset Worksheet'!F:F,$J19)="","",INDEX('Asset Worksheet'!F:F,$J19)),IF($I19="T",'Asset Worksheet'!F26,IF($I19="U",'Asset Worksheet'!F38,""))) | G19: =IF($J19<>"",IF(INDEX('Asset Worksheet'!G:G,$J19)="","",INDEX('Asset Worksheet'!G:G,$J19)),"") | I19: =IF(10=1,"H",IF(10<=$H$1+1,"A",IF(10=$H$1+2,"T",IF(10=$H$1+3,"",IF(10=$H$1+4,"H",IF(10<=$H$1+$H$2+4,"D",IF(10=$H$1+$H$2+5,"U",""))))))) | J19: =IF($I19="A",MATCH(10-1,'Asset Worksheet'!$K$11:$K$25,0)+10,IF($I19="D",MATCH(10-$H$1-4,'Asset Worksheet'!$K$29:$K$37,0)+28,""))
A20: =IF($J20<>"",IF(INDEX('Asset Worksheet'!A:A,$J20)="","",INDEX('Asset Worksheet'!A:A,$J20)),IF($I20="H",IF(11=1,"Assets","Debts"),IF($I20="T","Total assets",IF($I20="U","Total debts","")))) | B20: =IF($J20<>"",IF(INDEX('Asset Worksheet'!B:B,$J20)="","",INDEX('Asset Worksheet'!B:B,$J20)),IF($I20="T",'Asset Worksheet'!B26,IF($I20="U",'Asset Worksheet'!B38,""))) | C20: =IF($J20<>"",IF(INDEX('Asset Worksheet'!C:C,$J20)="","",INDEX('Asset Worksheet'!C:C,$J20)),"") | D20: =IF($J20="","",IF(INDEX('Asset Worksheet'!C:C,$J20)<>"Split","",IF(INDEX('Asset Worksheet'!D:D,$J20)="",0.5,INDEX('Asset Worksheet'!D:D,$J20)))) | E20: =IF($J20<>"",IF(INDEX('Asset Worksheet'!E:E,$J20)="","",INDEX('Asset Worksheet'!E:E,$J20)),IF($I20="T",'Asset Worksheet'!E26,IF($I20="U",'Asset Worksheet'!E38,""))) | F20: =IF($J20<>"",IF(INDEX('Asset Worksheet'!F:F,$J20)="","",INDEX('Asset Worksheet'!F:F,$J20)),IF($I20="T",'Asset Worksheet'!F26,IF($I20="U",'Asset Worksheet'!F38,""))) | G20: =IF($J20<>"",IF(INDEX('Asset Worksheet'!G:G,$J20)="","",INDEX('Asset Worksheet'!G:G,$J20)),"") | I20: =IF(11=1,"H",IF(11<=$H$1+1,"A",IF(11=$H$1+2,"T",IF(11=$H$1+3,"",IF(11=$H$1+4,"H",IF(11<=$H$1+$H$2+4,"D",IF(11=$H$1+$H$2+5,"U",""))))))) | J20: =IF($I20="A",MATCH(11-1,'Asset Worksheet'!$K$11:$K$25,0)+10,IF($I20="D",MATCH(11-$H$1-4,'Asset Worksheet'!$K$29:$K$37,0)+28,""))
A21: =IF($J21<>"",IF(INDEX('Asset Worksheet'!A:A,$J21)="","",INDEX('Asset Worksheet'!A:A,$J21)),IF($I21="H",IF(12=1,"Assets","Debts"),IF($I21="T","Total assets",IF($I21="U","Total debts","")))) | B21: =IF($J21<>"",IF(INDEX('Asset Worksheet'!B:B,$J21)="","",INDEX('Asset Worksheet'!B:B,$J21)),IF($I21="T",'Asset Worksheet'!B26,IF($I21="U",'Asset Worksheet'!B38,""))) | C21: =IF($J21<>"",IF(INDEX('Asset Worksheet'!C:C,$J21)="","",INDEX('Asset Worksheet'!C:C,$J21)),"") | D21: =IF($J21="","",IF(INDEX('Asset Worksheet'!C:C,$J21)<>"Split","",IF(INDEX('Asset Worksheet'!D:D,$J21)="",0.5,INDEX('Asset Worksheet'!D:D,$J21)))) | E21: =IF($J21<>"",IF(INDEX('Asset Worksheet'!E:E,$J21)="","",INDEX('Asset Worksheet'!E:E,$J21)),IF($I21="T",'Asset Worksheet'!E26,IF($I21="U",'Asset Worksheet'!E38,""))) | F21: =IF($J21<>"",IF(INDEX('Asset Worksheet'!F:F,$J21)="","",INDEX('Asset Worksheet'!F:F,$J21)),IF($I21="T",'Asset Worksheet'!F26,IF($I21="U",'Asset Worksheet'!F38,""))) | G21: =IF($J21<>"",IF(INDEX('Asset Worksheet'!G:G,$J21)="","",INDEX('Asset Worksheet'!G:G,$J21)),"") | I21: =IF(12=1,"H",IF(12<=$H$1+1,"A",IF(12=$H$1+2,"T",IF(12=$H$1+3,"",IF(12=$H$1+4,"H",IF(12<=$H$1+$H$2+4,"D",IF(12=$H$1+$H$2+5,"U",""))))))) | J21: =IF($I21="A",MATCH(12-1,'Asset Worksheet'!$K$11:$K$25,0)+10,IF($I21="D",MATCH(12-$H$1-4,'Asset Worksheet'!$K$29:$K$37,0)+28,""))
A22: =IF($J22<>"",IF(INDEX('Asset Worksheet'!A:A,$J22)="","",INDEX('Asset Worksheet'!A:A,$J22)),IF($I22="H",IF(13=1,"Assets","Debts"),IF($I22="T","Total assets",IF($I22="U","Total debts","")))) | B22: =IF($J22<>"",IF(INDEX('Asset Worksheet'!B:B,$J22)="","",INDEX('Asset Worksheet'!B:B,$J22)),IF($I22="T",'Asset Worksheet'!B26,IF($I22="U",'Asset Worksheet'!B38,""))) | C22: =IF($J22<>"",IF(INDEX('Asset Worksheet'!C:C,$J22)="","",INDEX('Asset Worksheet'!C:C,$J22)),"") | D22: =IF($J22="","",IF(INDEX('Asset Worksheet'!C:C,$J22)<>"Split","",IF(INDEX('Asset Worksheet'!D:D,$J22)="",0.5,INDEX('Asset Worksheet'!D:D,$J22)))) | E22: =IF($J22<>"",IF(INDEX('Asset Worksheet'!E:E,$J22)="","",INDEX('Asset Worksheet'!E:E,$J22)),IF($I22="T",'Asset Worksheet'!E26,IF($I22="U",'Asset Worksheet'!E38,""))) | F22: =IF($J22<>"",IF(INDEX('Asset Worksheet'!F:F,$J22)="","",INDEX('Asset Worksheet'!F:F,$J22)),IF($I22="T",'Asset Worksheet'!F26,IF($I22="U",'Asset Worksheet'!F38,""))) | G22: =IF($J22<>"",IF(INDEX('Asset Worksheet'!G:G,$J22)="","",INDEX('Asset Worksheet'!G:G,$J22)),"") | I22: =IF(13=1,"H",IF(13<=$H$1+1,"A",IF(13=$H$1+2,"T",IF(13=$H$1+3,"",IF(13=$H$1+4,"H",IF(13<=$H$1+$H$2+4,"D",IF(13=$H$1+$H$2+5,"U",""))))))) | J22: =IF($I22="A",MATCH(13-1,'Asset Worksheet'!$K$11:$K$25,0)+10,IF($I22="D",MATCH(13-$H$1-4,'Asset Worksheet'!$K$29:$K$37,0)+28,""))
A23: =IF($J23<>"",IF(INDEX('Asset Worksheet'!A:A,$J23)="","",INDEX('Asset Worksheet'!A:A,$J23)),IF($I23="H",IF(14=1,"Assets","Debts"),IF($I23="T","Total assets",IF($I23="U","Total debts","")))) | B23: =IF($J23<>"",IF(INDEX('Asset Worksheet'!B:B,$J23)="","",INDEX('Asset Worksheet'!B:B,$J23)),IF($I23="T",'Asset Worksheet'!B26,IF($I23="U",'Asset Worksheet'!B38,""))) | C23: =IF($J23<>"",IF(INDEX('Asset Worksheet'!C:C,$J23)="","",INDEX('Asset Worksheet'!C:C,$J23)),"") | D23: =IF($J23="","",IF(INDEX('Asset Worksheet'!C:C,$J23)<>"Split","",IF(INDEX('Asset Worksheet'!D:D,$J23)="",0.5,INDEX('Asset Worksheet'!D:D,$J23)))) | E23: =IF($J23<>"",IF(INDEX('Asset Worksheet'!E:E,$J23)="","",INDEX('Asset Worksheet'!E:E,$J23)),IF($I23="T",'Asset Worksheet'!E26,IF($I23="U",'Asset Worksheet'!E38,""))) | F23: =IF($J23<>"",IF(INDEX('Asset Worksheet'!F:F,$J23)="","",INDEX('Asset Worksheet'!F:F,$J23)),IF($I23="T",'Asset Worksheet'!F26,IF($I23="U",'Asset Worksheet'!F38,""))) | G23: =IF($J23<>"",IF(INDEX('Asset Worksheet'!G:G,$J23)="","",INDEX('Asset Worksheet'!G:G,$J23)),"") | I23: =IF(14=1,"H",IF(14<=$H$1+1,"A",IF(14=$H$1+2,"T",IF(14=$H$1+3,"",IF(14=$H$1+4,"H",IF(14<=$H$1+$H$2+4,"D",IF(14=$H$1+$H$2+5,"U",""))))))) | J23: =IF($I23="A",MATCH(14-1,'Asset Worksheet'!$K$11:$K$25,0)+10,IF($I23="D",MATCH(14-$H$1-4,'Asset Worksheet'!$K$29:$K$37,0)+28,""))
A24: =IF($J24<>"",IF(INDEX('Asset Worksheet'!A:A,$J24)="","",INDEX('Asset Worksheet'!A:A,$J24)),IF($I24="H",IF(15=1,"Assets","Debts"),IF($I24="T","Total assets",IF($I24="U","Total debts","")))) | B24: =IF($J24<>"",IF(INDEX('Asset Worksheet'!B:B,$J24)="","",INDEX('Asset Worksheet'!B:B,$J24)),IF($I24="T",'Asset Worksheet'!B26,IF($I24="U",'Asset Worksheet'!B38,""))) | C24: =IF($J24<>"",IF(INDEX('Asset Worksheet'!C:C,$J24)="","",INDEX('Asset Worksheet'!C:C,$J24)),"") | D24: =IF($J24="","",IF(INDEX('Asset Worksheet'!C:C,$J24)<>"Split","",IF(INDEX('Asset Worksheet'!D:D,$J24)="",0.5,INDEX('Asset Worksheet'!D:D,$J24)))) | E24: =IF($J24<>"",IF(INDEX('Asset Worksheet'!E:E,$J24)="","",INDEX('Asset Worksheet'!E:E,$J24)),IF($I24="T",'Asset Worksheet'!E26,IF($I24="U",'Asset Worksheet'!E38,""))) | F24: =IF($J24<>"",IF(INDEX('Asset Worksheet'!F:F,$J24)="","",INDEX('Asset Worksheet'!F:F,$J24)),IF($I24="T",'Asset Worksheet'!F26,IF($I24="U",'Asset Worksheet'!F38,""))) | G24: =IF($J24<>"",IF(INDEX('Asset Worksheet'!G:G,$J24)="","",INDEX('Asset Worksheet'!G:G,$J24)),"") | I24: =IF(15=1,"H",IF(15<=$H$1+1,"A",IF(15=$H$1+2,"T",IF(15=$H$1+3,"",IF(15=$H$1+4,"H",IF(15<=$H$1+$H$2+4,"D",IF(15=$H$1+$H$2+5,"U",""))))))) | J24: =IF($I24="A",MATCH(15-1,'Asset Worksheet'!$K$11:$K$25,0)+10,IF($I24="D",MATCH(15-$H$1-4,'Asset Worksheet'!$K$29:$K$37,0)+28,""))
A25: =IF($J25<>"",IF(INDEX('Asset Worksheet'!A:A,$J25)="","",INDEX('Asset Worksheet'!A:A,$J25)),IF($I25="H",IF(16=1,"Assets","Debts"),IF($I25="T","Total assets",IF($I25="U","Total debts","")))) | B25: =IF($J25<>"",IF(INDEX('Asset Worksheet'!B:B,$J25)="","",INDEX('Asset Worksheet'!B:B,$J25)),IF($I25="T",'Asset Worksheet'!B26,IF($I25="U",'Asset Worksheet'!B38,""))) | C25: =IF($J25<>"",IF(INDEX('Asset Worksheet'!C:C,$J25)="","",INDEX('Asset Worksheet'!C:C,$J25)),"") | D25: =IF($J25="","",IF(INDEX('Asset Worksheet'!C:C,$J25)<>"Split","",IF(INDEX('Asset Worksheet'!D:D,$J25)="",0.5,INDEX('Asset Worksheet'!D:D,$J25)))) | E25: =IF($J25<>"",IF(INDEX('Asset Worksheet'!E:E,$J25)="","",INDEX('Asset Worksheet'!E:E,$J25)),IF($I25="T",'Asset Worksheet'!E26,IF($I25="U",'Asset Worksheet'!E38,""))) | F25: =IF($J25<>"",IF(INDEX('Asset Worksheet'!F:F,$J25)="","",INDEX('Asset Worksheet'!F:F,$J25)),IF($I25="T",'Asset Worksheet'!F26,IF($I25="U",'Asset Worksheet'!F38,""))) | G25: =IF($J25<>"",IF(INDEX('Asset Worksheet'!G:G,$J25)="","",INDEX('Asset Worksheet'!G:G,$J25)),"") | I25: =IF(16=1,"H",IF(16<=$H$1+1,"A",IF(16=$H$1+2,"T",IF(16=$H$1+3,"",IF(16=$H$1+4,"H",IF(16<=$H$1+$H$2+4,"D",IF(16=$H$1+$H$2+5,"U",""))))))) | J25: =IF($I25="A",MATCH(16-1,'Asset Worksheet'!$K$11:$K$25,0)+10,IF($I25="D",MATCH(16-$H$1-4,'Asset Worksheet'!$K$29:$K$37,0)+28,""))
A26: =IF($J26<>"",IF(INDEX('Asset Worksheet'!A:A,$J26)="","",INDEX('Asset Worksheet'!A:A,$J26)),IF($I26="H",IF(17=1,"Assets","Debts"),IF($I26="T","Total assets",IF($I26="U","Total debts","")))) | B26: =IF($J26<>"",IF(INDEX('Asset Worksheet'!B:B,$J26)="","",INDEX('Asset Worksheet'!B:B,$J26)),IF($I26="T",'Asset Worksheet'!B26,IF($I26="U",'Asset Worksheet'!B38,""))) | C26: =IF($J26<>"",IF(INDEX('Asset Worksheet'!C:C,$J26)="","",INDEX('Asset Worksheet'!C:C,$J26)),"") | D26: =IF($J26="","",IF(INDEX('Asset Worksheet'!C:C,$J26)<>"Split","",IF(INDEX('Asset Worksheet'!D:D,$J26)="",0.5,INDEX('Asset Worksheet'!D:D,$J26)))) | E26: =IF($J26<>"",IF(INDEX('Asset Worksheet'!E:E,$J26)="","",INDEX('Asset Worksheet'!E:E,$J26)),IF($I26="T",'Asset Worksheet'!E26,IF($I26="U",'Asset Worksheet'!E38,""))) | F26: =IF($J26<>"",IF(INDEX('Asset Worksheet'!F:F,$J26)="","",INDEX('Asset Worksheet'!F:F,$J26)),IF($I26="T",'Asset Worksheet'!F26,IF($I26="U",'Asset Worksheet'!F38,""))) | G26: =IF($J26<>"",IF(INDEX('Asset Worksheet'!G:G,$J26)="","",INDEX('Asset Worksheet'!G:G,$J26)),"") | I26: =IF(17=1,"H",IF(17<=$H$1+1,"A",IF(17=$H$1+2,"T",IF(17=$H$1+3,"",IF(17=$H$1+4,"H",IF(17<=$H$1+$H$2+4,"D",IF(17=$H$1+$H$2+5,"U",""))))))) | J26: =IF($I26="A",MATCH(17-1,'Asset Worksheet'!$K$11:$K$25,0)+10,IF($I26="D",MATCH(17-$H$1-4,'Asset Worksheet'!$K$29:$K$37,0)+28,""))
A27: =IF($J27<>"",IF(INDEX('Asset Worksheet'!A:A,$J27)="","",INDEX('Asset Worksheet'!A:A,$J27)),IF($I27="H",IF(18=1,"Assets","Debts"),IF($I27="T","Total assets",IF($I27="U","Total debts","")))) | B27: =IF($J27<>"",IF(INDEX('Asset Worksheet'!B:B,$J27)="","",INDEX('Asset Worksheet'!B:B,$J27)),IF($I27="T",'Asset Worksheet'!B26,IF($I27="U",'Asset Worksheet'!B38,""))) | C27: =IF($J27<>"",IF(INDEX('Asset Worksheet'!C:C,$J27)="","",INDEX('Asset Worksheet'!C:C,$J27)),"") | D27: =IF($J27="","",IF(INDEX('Asset Worksheet'!C:C,$J27)<>"Split","",IF(INDEX('Asset Worksheet'!D:D,$J27)="",0.5,INDEX('Asset Worksheet'!D:D,$J27)))) | E27: =IF($J27<>"",IF(INDEX('Asset Worksheet'!E:E,$J27)="","",INDEX('Asset Worksheet'!E:E,$J27)),IF($I27="T",'Asset Worksheet'!E26,IF($I27="U",'Asset Worksheet'!E38,""))) | F27: =IF($J27<>"",IF(INDEX('Asset Worksheet'!F:F,$J27)="","",INDEX('Asset Worksheet'!F:F,$J27)),IF($I27="T",'Asset Worksheet'!F26,IF($I27="U",'Asset Worksheet'!F38,""))) | G27: =IF($J27<>"",IF(INDEX('Asset Worksheet'!G:G,$J27)="","",INDEX('Asset Worksheet'!G:G,$J27)),"") | I27: =IF(18=1,"H",IF(18<=$H$1+1,"A",IF(18=$H$1+2,"T",IF(18=$H$1+3,"",IF(18=$H$1+4,"H",IF(18<=$H$1+$H$2+4,"D",IF(18=$H$1+$H$2+5,"U",""))))))) | J27: =IF($I27="A",MATCH(18-1,'Asset Worksheet'!$K$11:$K$25,0)+10,IF($I27="D",MATCH(18-$H$1-4,'Asset Worksheet'!$K$29:$K$37,0)+28,""))
A28: =IF($J28<>"",IF(INDEX('Asset Worksheet'!A:A,$J28)="","",INDEX('Asset Worksheet'!A:A,$J28)),IF($I28="H",IF(19=1,"Assets","Debts"),IF($I28="T","Total assets",IF($I28="U","Total debts","")))) | B28: =IF($J28<>"",IF(INDEX('Asset Worksheet'!B:B,$J28)="","",INDEX('Asset Worksheet'!B:B,$J28)),IF($I28="T",'Asset Worksheet'!B26,IF($I28="U",'Asset Worksheet'!B38,""))) | C28: =IF($J28<>"",IF(INDEX('Asset Worksheet'!C:C,$J28)="","",INDEX('Asset Worksheet'!C:C,$J28)),"") | D28: =IF($J28="","",IF(INDEX('Asset Worksheet'!C:C,$J28)<>"Split","",IF(INDEX('Asset Worksheet'!D:D,$J28)="",0.5,INDEX('Asset Worksheet'!D:D,$J28)))) | E28: =IF($J28<>"",IF(INDEX('Asset Worksheet'!E:E,$J28)="","",INDEX('Asset Worksheet'!E:E,$J28)),IF($I28="T",'Asset Worksheet'!E26,IF($I28="U",'Asset Worksheet'!E38,""))) | F28: =IF($J28<>"",IF(INDEX('Asset Worksheet'!F:F,$J28)="","",INDEX('Asset Worksheet'!F:F,$J28)),IF($I28="T",'Asset Worksheet'!F26,IF($I28="U",'Asset Worksheet'!F38,""))) | G28: =IF($J28<>"",IF(INDEX('Asset Worksheet'!G:G,$J28)="","",INDEX('Asset Worksheet'!G:G,$J28)),"") | I28: =IF(19=1,"H",IF(19<=$H$1+1,"A",IF(19=$H$1+2,"T",IF(19=$H$1+3,"",IF(19=$H$1+4,"H",IF(19<=$H$1+$H$2+4,"D",IF(19=$H$1+$H$2+5,"U",""))))))) | J28: =IF($I28="A",MATCH(19-1,'Asset Worksheet'!$K$11:$K$25,0)+10,IF($I28="D",MATCH(19-$H$1-4,'Asset Worksheet'!$K$29:$K$37,0)+28,""))
A29: =IF($J29<>"",IF(INDEX('Asset Worksheet'!A:A,$J29)="","",INDEX('Asset Worksheet'!A:A,$J29)),IF($I29="H",IF(20=1,"Assets","Debts"),IF($I29="T","Total assets",IF($I29="U","Total debts","")))) | B29: =IF($J29<>"",IF(INDEX('Asset Worksheet'!B:B,$J29)="","",INDEX('Asset Worksheet'!B:B,$J29)),IF($I29="T",'Asset Worksheet'!B26,IF($I29="U",'Asset Worksheet'!B38,""))) | C29: =IF($J29<>"",IF(INDEX('Asset Worksheet'!C:C,$J29)="","",INDEX('Asset Worksheet'!C:C,$J29)),"") | D29: =IF($J29="","",IF(INDEX('Asset Worksheet'!C:C,$J29)<>"Split","",IF(INDEX('Asset Worksheet'!D:D,$J29)="",0.5,INDEX('Asset Worksheet'!D:D,$J29)))) | E29: =IF($J29<>"",IF(INDEX('Asset Worksheet'!E:E,$J29)="","",INDEX('Asset Worksheet'!E:E,$J29)),IF($I29="T",'Asset Worksheet'!E26,IF($I29="U",'Asset Worksheet'!E38,""))) | F29: =IF($J29<>"",IF(INDEX('Asset Worksheet'!F:F,$J29)="","",INDEX('Asset Worksheet'!F:F,$J29)),IF($I29="T",'Asset Worksheet'!F26,IF($I29="U",'Asset Worksheet'!F38,""))) | G29: =IF($J29<>"",IF(INDEX('Asset Worksheet'!G:G,$J29)="","",INDEX('Asset Worksheet'!G:G,$J29)),"") | I29: =IF(20=1,"H",IF(20<=$H$1+1,"A",IF(20=$H$1+2,"T",IF(20=$H$1+3,"",IF(20=$H$1+4,"H",IF(20<=$H$1+$H$2+4,"D",IF(20=$H$1+$H$2+5,"U",""))))))) | J29: =IF($I29="A",MATCH(20-1,'Asset Worksheet'!$K$11:$K$25,0)+10,IF($I29="D",MATCH(20-$H$1-4,'Asset Worksheet'!$K$29:$K$37,0)+28,""))
A30: =IF($J30<>"",IF(INDEX('Asset Worksheet'!A:A,$J30)="","",INDEX('Asset Worksheet'!A:A,$J30)),IF($I30="H",IF(21=1,"Assets","Debts"),IF($I30="T","Total assets",IF($I30="U","Total debts","")))) | B30: =IF($J30<>"",IF(INDEX('Asset Worksheet'!B:B,$J30)="","",INDEX('Asset Worksheet'!B:B,$J30)),IF($I30="T",'Asset Worksheet'!B26,IF($I30="U",'Asset Worksheet'!B38,""))) | C30: =IF($J30<>"",IF(INDEX('Asset Worksheet'!C:C,$J30)="","",INDEX('Asset Worksheet'!C:C,$J30)),"") | D30: =IF($J30="","",IF(INDEX('Asset Worksheet'!C:C,$J30)<>"Split","",IF(INDEX('Asset Worksheet'!D:D,$J30)="",0.5,INDEX('Asset Worksheet'!D:D,$J30)))) | E30: =IF($J30<>"",IF(INDEX('Asset Worksheet'!E:E,$J30)="","",INDEX('Asset Worksheet'!E:E,$J30)),IF($I30="T",'Asset Worksheet'!E26,IF($I30="U",'Asset Worksheet'!E38,""))) | F30: =IF($J30<>"",IF(INDEX('Asset Worksheet'!F:F,$J30)="","",INDEX('Asset Worksheet'!F:F,$J30)),IF($I30="T",'Asset Worksheet'!F26,IF($I30="U",'Asset Worksheet'!F38,""))) | G30: =IF($J30<>"",IF(INDEX('Asset Worksheet'!G:G,$J30)="","",INDEX('Asset Worksheet'!G:G,$J30)),"") | I30: =IF(21=1,"H",IF(21<=$H$1+1,"A",IF(21=$H$1+2,"T",IF(21=$H$1+3,"",IF(21=$H$1+4,"H",IF(21<=$H$1+$H$2+4,"D",IF(21=$H$1+$H$2+5,"U",""))))))) | J30: =IF($I30="A",MATCH(21-1,'Asset Worksheet'!$K$11:$K$25,0)+10,IF($I30="D",MATCH(21-$H$1-4,'Asset Worksheet'!$K$29:$K$37,0)+28,""))
A31: =IF($J31<>"",IF(INDEX('Asset Worksheet'!A:A,$J31)="","",INDEX('Asset Worksheet'!A:A,$J31)),IF($I31="H",IF(22=1,"Assets","Debts"),IF($I31="T","Total assets",IF($I31="U","Total debts","")))) | B31: =IF($J31<>"",IF(INDEX('Asset Worksheet'!B:B,$J31)="","",INDEX('Asset Worksheet'!B:B,$J31)),IF($I31="T",'Asset Worksheet'!B26,IF($I31="U",'Asset Worksheet'!B38,""))) | C31: =IF($J31<>"",IF(INDEX('Asset Worksheet'!C:C,$J31)="","",INDEX('Asset Worksheet'!C:C,$J31)),"") | D31: =IF($J31="","",IF(INDEX('Asset Worksheet'!C:C,$J31)<>"Split","",IF(INDEX('Asset Worksheet'!D:D,$J31)="",0.5,INDEX('Asset Worksheet'!D:D,$J31)))) | E31: =IF($J31<>"",IF(INDEX('Asset Worksheet'!E:E,$J31)="","",INDEX('Asset Worksheet'!E:E,$J31)),IF($I31="T",'Asset Worksheet'!E26,IF($I31="U",'Asset Worksheet'!E38,""))) | F31: =IF($J31<>"",IF(INDEX('Asset Worksheet'!F:F,$J31)="","",INDEX('Asset Worksheet'!F:F,$J31)),IF($I31="T",'Asset Worksheet'!F26,IF($I31="U",'Asset Worksheet'!F38,""))) | G31: =IF($J31<>"",IF(INDEX('Asset Worksheet'!G:G,$J31)="","",INDEX('Asset Worksheet'!G:G,$J31)),"") | I31: =IF(22=1,"H",IF(22<=$H$1+1,"A",IF(22=$H$1+2,"T",IF(22=$H$1+3,"",IF(22=$H$1+4,"H",IF(22<=$H$1+$H$2+4,"D",IF(22=$H$1+$H$2+5,"U",""))))))) | J31: =IF($I31="A",MATCH(22-1,'Asset Worksheet'!$K$11:$K$25,0)+10,IF($I31="D",MATCH(22-$H$1-4,'Asset Worksheet'!$K$29:$K$37,0)+28,""))
A32: =IF($J32<>"",IF(INDEX('Asset Worksheet'!A:A,$J32)="","",INDEX('Asset Worksheet'!A:A,$J32)),IF($I32="H",IF(23=1,"Assets","Debts"),IF($I32="T","Total assets",IF($I32="U","Total debts","")))) | B32: =IF($J32<>"",IF(INDEX('Asset Worksheet'!B:B,$J32)="","",INDEX('Asset Worksheet'!B:B,$J32)),IF($I32="T",'Asset Worksheet'!B26,IF($I32="U",'Asset Worksheet'!B38,""))) | C32: =IF($J32<>"",IF(INDEX('Asset Worksheet'!C:C,$J32)="","",INDEX('Asset Worksheet'!C:C,$J32)),"") | D32: =IF($J32="","",IF(INDEX('Asset Worksheet'!C:C,$J32)<>"Split","",IF(INDEX('Asset Worksheet'!D:D,$J32)="",0.5,INDEX('Asset Worksheet'!D:D,$J32)))) | E32: =IF($J32<>"",IF(INDEX('Asset Worksheet'!E:E,$J32)="","",INDEX('Asset Worksheet'!E:E,$J32)),IF($I32="T",'Asset Worksheet'!E26,IF($I32="U",'Asset Worksheet'!E38,""))) | F32: =IF($J32<>"",IF(INDEX('Asset Worksheet'!F:F,$J32)="","",INDEX('Asset Worksheet'!F:F,$J32)),IF($I32="T",'Asset Worksheet'!F26,IF($I32="U",'Asset Worksheet'!F38,""))) | G32: =IF($J32<>"",IF(INDEX('Asset Worksheet'!G:G,$J32)="","",INDEX('Asset Worksheet'!G:G,$J32)),"") | I32: =IF(23=1,"H",IF(23<=$H$1+1,"A",IF(23=$H$1+2,"T",IF(23=$H$1+3,"",IF(23=$H$1+4,"H",IF(23<=$H$1+$H$2+4,"D",IF(23=$H$1+$H$2+5,"U",""))))))) | J32: =IF($I32="A",MATCH(23-1,'Asset Worksheet'!$K$11:$K$25,0)+10,IF($I32="D",MATCH(23-$H$1-4,'Asset Worksheet'!$K$29:$K$37,0)+28,""))
A33: =IF($J33<>"",IF(INDEX('Asset Worksheet'!A:A,$J33)="","",INDEX('Asset Worksheet'!A:A,$J33)),IF($I33="H",IF(24=1,"Assets","Debts"),IF($I33="T","Total assets",IF($I33="U","Total debts","")))) | B33: =IF($J33<>"",IF(INDEX('Asset Worksheet'!B:B,$J33)="","",INDEX('Asset Worksheet'!B:B,$J33)),IF($I33="T",'Asset Worksheet'!B26,IF($I33="U",'Asset Worksheet'!B38,""))) | C33: =IF($J33<>"",IF(INDEX('Asset Worksheet'!C:C,$J33)="","",INDEX('Asset Worksheet'!C:C,$J33)),"") | D33: =IF($J33="","",IF(INDEX('Asset Worksheet'!C:C,$J33)<>"Split","",IF(INDEX('Asset Worksheet'!D:D,$J33)="",0.5,INDEX('Asset Worksheet'!D:D,$J33)))) | E33: =IF($J33<>"",IF(INDEX('Asset Worksheet'!E:E,$J33)="","",INDEX('Asset Worksheet'!E:E,$J33)),IF($I33="T",'Asset Worksheet'!E26,IF($I33="U",'Asset Worksheet'!E38,""))) | F33: =IF($J33<>"",IF(INDEX('Asset Worksheet'!F:F,$J33)="","",INDEX('Asset Worksheet'!F:F,$J33)),IF($I33="T",'Asset Worksheet'!F26,IF($I33="U",'Asset Worksheet'!F38,""))) | G33: =IF($J33<>"",IF(INDEX('Asset Worksheet'!G:G,$J33)="","",INDEX('Asset Worksheet'!G:G,$J33)),"") | I33: =IF(24=1,"H",IF(24<=$H$1+1,"A",IF(24=$H$1+2,"T",IF(24=$H$1+3,"",IF(24=$H$1+4,"H",IF(24<=$H$1+$H$2+4,"D",IF(24=$H$1+$H$2+5,"U",""))))))) | J33: =IF($I33="A",MATCH(24-1,'Asset Worksheet'!$K$11:$K$25,0)+10,IF($I33="D",MATCH(24-$H$1-4,'Asset Worksheet'!$K$29:$K$37,0)+28,""))
A34: =IF($J34<>"",IF(INDEX('Asset Worksheet'!A:A,$J34)="","",INDEX('Asset Worksheet'!A:A,$J34)),IF($I34="H",IF(25=1,"Assets","Debts"),IF($I34="T","Total assets",IF($I34="U","Total debts","")))) | B34: =IF($J34<>"",IF(INDEX('Asset Worksheet'!B:B,$J34)="","",INDEX('Asset Worksheet'!B:B,$J34)),IF($I34="T",'Asset Worksheet'!B26,IF($I34="U",'Asset Worksheet'!B38,""))) | C34: =IF($J34<>"",IF(INDEX('Asset Worksheet'!C:C,$J34)="","",INDEX('Asset Worksheet'!C:C,$J34)),"") | D34: =IF($J34="","",IF(INDEX('Asset Worksheet'!C:C,$J34)<>"Split","",IF(INDEX('Asset Worksheet'!D:D,$J34)="",0.5,INDEX('Asset Worksheet'!D:D,$J34)))) | E34: =IF($J34<>"",IF(INDEX('Asset Worksheet'!E:E,$J34)="","",INDEX('Asset Worksheet'!E:E,$J34)),IF($I34="T",'Asset Worksheet'!E26,IF($I34="U",'Asset Worksheet'!E38,""))) | F34: =IF($J34<>"",IF(INDEX('Asset Worksheet'!F:F,$J34)="","",INDEX('Asset Worksheet'!F:F,$J34)),IF($I34="T",'Asset Worksheet'!F26,IF($I34="U",'Asset Worksheet'!F38,""))) | G34: =IF($J34<>"",IF(INDEX('Asset Worksheet'!G:G,$J34)="","",INDEX('Asset Worksheet'!G:G,$J34)),"") | I34: =IF(25=1,"H",IF(25<=$H$1+1,"A",IF(25=$H$1+2,"T",IF(25=$H$1+3,"",IF(25=$H$1+4,"H",IF(25<=$H$1+$H$2+4,"D",IF(25=$H$1+$H$2+5,"U",""))))))) | J34: =IF($I34="A",MATCH(25-1,'Asset Worksheet'!$K$11:$K$25,0)+10,IF($I34="D",MATCH(25-$H$1-4,'Asset Worksheet'!$K$29:$K$37,0)+28,""))
A35: =IF($J35<>"",IF(INDEX('Asset Worksheet'!A:A,$J35)="","",INDEX('Asset Worksheet'!A:A,$J35)),IF($I35="H",IF(26=1,"Assets","Debts"),IF($I35="T","Total assets",IF($I35="U","Total debts","")))) | B35: =IF($J35<>"",IF(INDEX('Asset Worksheet'!B:B,$J35)="","",INDEX('Asset Worksheet'!B:B,$J35)),IF($I35="T",'Asset Worksheet'!B26,IF($I35="U",'Asset Worksheet'!B38,""))) | C35: =IF($J35<>"",IF(INDEX('Asset Worksheet'!C:C,$J35)="","",INDEX('Asset Worksheet'!C:C,$J35)),"") | D35: =IF($J35="","",IF(INDEX('Asset Worksheet'!C:C,$J35)<>"Split","",IF(INDEX('Asset Worksheet'!D:D,$J35)="",0.5,INDEX('Asset Worksheet'!D:D,$J35)))) | E35: =IF($J35<>"",IF(INDEX('Asset Worksheet'!E:E,$J35)="","",INDEX('Asset Worksheet'!E:E,$J35)),IF($I35="T",'Asset Worksheet'!E26,IF($I35="U",'Asset Worksheet'!E38,""))) | F35: =IF($J35<>"",IF(INDEX('Asset Worksheet'!F:F,$J35)="","",INDEX('Asset Worksheet'!F:F,$J35)),IF($I35="T",'Asset Worksheet'!F26,IF($I35="U",'Asset Worksheet'!F38,""))) | G35: =IF($J35<>"",IF(INDEX('Asset Worksheet'!G:G,$J35)="","",INDEX('Asset Worksheet'!G:G,$J35)),"") | I35: =IF(26=1,"H",IF(26<=$H$1+1,"A",IF(26=$H$1+2,"T",IF(26=$H$1+3,"",IF(26=$H$1+4,"H",IF(26<=$H$1+$H$2+4,"D",IF(26=$H$1+$H$2+5,"U",""))))))) | J35: =IF($I35="A",MATCH(26-1,'Asset Worksheet'!$K$11:$K$25,0)+10,IF($I35="D",MATCH(26-$H$1-4,'Asset Worksheet'!$K$29:$K$37,0)+28,""))
A36: =IF($J36<>"",IF(INDEX('Asset Worksheet'!A:A,$J36)="","",INDEX('Asset Worksheet'!A:A,$J36)),IF($I36="H",IF(27=1,"Assets","Debts"),IF($I36="T","Total assets",IF($I36="U","Total debts","")))) | B36: =IF($J36<>"",IF(INDEX('Asset Worksheet'!B:B,$J36)="","",INDEX('Asset Worksheet'!B:B,$J36)),IF($I36="T",'Asset Worksheet'!B26,IF($I36="U",'Asset Worksheet'!B38,""))) | C36: =IF($J36<>"",IF(INDEX('Asset Worksheet'!C:C,$J36)="","",INDEX('Asset Worksheet'!C:C,$J36)),"") | D36: =IF($J36="","",IF(INDEX('Asset Worksheet'!C:C,$J36)<>"Split","",IF(INDEX('Asset Worksheet'!D:D,$J36)="",0.5,INDEX('Asset Worksheet'!D:D,$J36)))) | E36: =IF($J36<>"",IF(INDEX('Asset Worksheet'!E:E,$J36)="","",INDEX('Asset Worksheet'!E:E,$J36)),IF($I36="T",'Asset Worksheet'!E26,IF($I36="U",'Asset Worksheet'!E38,""))) | F36: =IF($J36<>"",IF(INDEX('Asset Worksheet'!F:F,$J36)="","",INDEX('Asset Worksheet'!F:F,$J36)),IF($I36="T",'Asset Worksheet'!F26,IF($I36="U",'Asset Worksheet'!F38,""))) | G36: =IF($J36<>"",IF(INDEX('Asset Worksheet'!G:G,$J36)="","",INDEX('Asset Worksheet'!G:G,$J36)),"") | I36: =IF(27=1,"H",IF(27<=$H$1+1,"A",IF(27=$H$1+2,"T",IF(27=$H$1+3,"",IF(27=$H$1+4,"H",IF(27<=$H$1+$H$2+4,"D",IF(27=$H$1+$H$2+5,"U",""))))))) | J36: =IF($I36="A",MATCH(27-1,'Asset Worksheet'!$K$11:$K$25,0)+10,IF($I36="D",MATCH(27-$H$1-4,'Asset Worksheet'!$K$29:$K$37,0)+28,""))
A37: =IF($J37<>"",IF(INDEX('Asset Worksheet'!A:A,$J37)="","",INDEX('Asset Worksheet'!A:A,$J37)),IF($I37="H",IF(28=1,"Assets","Debts"),IF($I37="T","Total assets",IF($I37="U","Total debts","")))) | B37: =IF($J37<>"",IF(INDEX('Asset Worksheet'!B:B,$J37)="","",INDEX('Asset Worksheet'!B:B,$J37)),IF($I37="T",'Asset Worksheet'!B26,IF($I37="U",'Asset Worksheet'!B38,""))) | C37: =IF($J37<>"",IF(INDEX('Asset Worksheet'!C:C,$J37)="","",INDEX('Asset Worksheet'!C:C,$J37)),"") | D37: =IF($J37="","",IF(INDEX('Asset Worksheet'!C:C,$J37)<>"Split","",IF(INDEX('Asset Worksheet'!D:D,$J37)="",0.5,INDEX('Asset Worksheet'!D:D,$J37)))) | E37: =IF($J37<>"",IF(INDEX('Asset Worksheet'!E:E,$J37)="","",INDEX('Asset Worksheet'!E:E,$J37)),IF($I37="T",'Asset Worksheet'!E26,IF($I37="U",'Asset Worksheet'!E38,""))) | F37: =IF($J37<>"",IF(INDEX('Asset Worksheet'!F:F,$J37)="","",INDEX('Asset Worksheet'!F:F,$J37)),IF($I37="T",'Asset Worksheet'!F26,IF($I37="U",'Asset Worksheet'!F38,""))) | G37: =IF($J37<>"",IF(INDEX('Asset Worksheet'!G:G,$J37)="","",INDEX('Asset Worksheet'!G:G,$J37)),"") | I37: =IF(28=1,"H",IF(28<=$H$1+1,"A",IF(28=$H$1+2,"T",IF(28=$H$1+3,"",IF(28=$H$1+4,"H",IF(28<=$H$1+$H$2+4,"D",IF(28=$H$1+$H$2+5,"U",""))))))) | J37: =IF($I37="A",MATCH(28-1,'Asset Worksheet'!$K$11:$K$25,0)+10,IF($I37="D",MATCH(28-$H$1-4,'Asset Worksheet'!$K$29:$K$37,0)+28,""))
A38: =IF($J38<>"",IF(INDEX('Asset Worksheet'!A:A,$J38)="","",INDEX('Asset Worksheet'!A:A,$J38)),IF($I38="H",IF(29=1,"Assets","Debts"),IF($I38="T","Total assets",IF($I38="U","Total debts","")))) | B38: =IF($J38<>"",IF(INDEX('Asset Worksheet'!B:B,$J38)="","",INDEX('Asset Worksheet'!B:B,$J38)),IF($I38="T",'Asset Worksheet'!B26,IF($I38="U",'Asset Worksheet'!B38,""))) | C38: =IF($J38<>"",IF(INDEX('Asset Worksheet'!C:C,$J38)="","",INDEX('Asset Worksheet'!C:C,$J38)),"") | D38: =IF($J38="","",IF(INDEX('Asset Worksheet'!C:C,$J38)<>"Split","",IF(INDEX('Asset Worksheet'!D:D,$J38)="",0.5,INDEX('Asset Worksheet'!D:D,$J38)))) | E38: =IF($J38<>"",IF(INDEX('Asset Worksheet'!E:E,$J38)="","",INDEX('Asset Worksheet'!E:E,$J38)),IF($I38="T",'Asset Worksheet'!E26,IF($I38="U",'Asset Worksheet'!E38,""))) | F38: =IF($J38<>"",IF(INDEX('Asset Worksheet'!F:F,$J38)="","",INDEX('Asset Worksheet'!F:F,$J38)),IF($I38="T",'Asset Worksheet'!F26,IF($I38="U",'Asset Worksheet'!F38,""))) | G38: =IF($J38<>"",IF(INDEX('Asset Worksheet'!G:G,$J38)="","",INDEX('Asset Worksheet'!G:G,$J38)),"") | I38: =IF(29=1,"H",IF(29<=$H$1+1,"A",IF(29=$H$1+2,"T",IF(29=$H$1+3,"",IF(29=$H$1+4,"H",IF(29<=$H$1+$H$2+4,"D",IF(29=$H$1+$H$2+5,"U",""))))))) | J38: =IF($I38="A",MATCH(29-1,'Asset Worksheet'!$K$11:$K$25,0)+10,IF($I38="D",MATCH(29-$H$1-4,'Asset Worksheet'!$K$29:$K$37,0)+28,""))
